 Dungeon Crawl Stone Soup version bcrawl-1.34.4 (webtiles) character file.

Game seed: 8851465619123625532

388360 KristoblXynda the Covert (level 12, -16/87 HPs)
             Began as a Kobold Gladiator on Nov 4, 2021.
             Was a Believer of Ashenzari.
             Demolished by a phantasmal warrior (31 damage)
             ... led by a death knight
             ... on level 10 of the Dungeon.
             The game lasted 00:21:02 (11494 turns).

KristoblXynda the Covert (Kobold Gladiator)        Turns: 11494, Time: 00:21:02

Health: -16/87     AC:  7    Str: 17    XL:     12   Next: 47%
Magic:  15/15      EV: 27    Int: 10    God:    Ashenzari [**....]
Gold:   716        SH:  0    Dex: 21    Spells: 11/11 levels left

rFire    . . .     SeeInvis +   K - +1 short sword (distort)
rCold    . . .     Gourm    .   (shield restricted)
rNeg     . . .     Faith    .   b - +2 robe {MR+}
rPois    +         Spirit   .   c - +0 helmet
rElec    .         Reflect  .   (no cloak)
rCorr    .         Harm     .   g - +0 pair of gloves
MR       +....                  f - +0 pair of boots
Stlth    ++++++....             B - amulet of Vision {SInv *Curse} (curse)
HPRegen  0.24/turn              r - ring of poison resistance (curse)
MPRegen  0.14/turn              x - +5 ring of dexterity (curse)

@: no status effects
A: small, talons 1, carnivore, mutation resistance 1, sense surroundings 2
a: Curse Item, Scrying, Renounce Religion


You were on level 10 of the Dungeon.
You worshipped Ashenzari.
Ashenzari was pleased with you.
You were very full.

You visited 1 branch of the dungeon, and saw 10 of its levels.
You also visited: Ossuary.

You collected 992 gold pieces.
You spent 276 gold pieces at shops.

Inventory:

Hand Weapons
 K - a +1 short sword of distortion (weapon)
Missiles
 d - 3 throwing nets (quivered) {=f}
Armour
 b - a +2 robe of magic resistance (worn)
 c - a +0 helmet (worn)
 f - a +0 pair of boots (worn)
 g - a +0 pair of gloves (worn)
Jewellery
 r - a cursed ring of poison resistance (left hand)
 t - the ring of Zuett {+Fly Int+4}
   (You found it on level 5 of the Dungeon)

   [ring of flight]

   It affects your intelligence (+4).
   It lets you fly.
 u - an uncursed amulet of rage
 w - a +8 ring of intelligence
 x - a cursed +5 ring of dexterity (right hand)
 z - the cursed ring "Ysudie" {MP-9 Slay+5 Stlth--}
   (You took it off a centaur on level 6 of the Dungeon)

   [ring of attention]

   It affects your accuracy and damage with ranged weapons and melee attacks
   (+5).
   It affects your magic capacity (-9).
   It makes you much less stealthy.
   It has a curse placed upon it.
 B - the cursed amulet of Vision (around neck) {SInv *Curse}
   (You found it on level 5 of the Dungeon)

   [amulet of nothing]

   It lets you see invisible.
   It curses itself when equipped.
   It has a curse placed upon it.
 D - a +3 ring of protection
Wands
 q - a wand of paralysis (5)
 I - a wand of disintegration (21)
Scrolls
 h - 2 scrolls of magic mapping
 j - 8 scrolls of teleportation
 m - 5 scrolls of remove curse
 o - 6 scrolls of enchant armour
 s - 3 scrolls of immolation
 v - 2 scrolls of enchant weapon
 y - 2 scrolls of amnesia
 C - a scroll of fog
 E - a scroll of summoning
Potions
 i - 2 potions of lignification {unknown}
 k - 4 potions of curing
 l - 3 potions of mutation
 n - a potion of haste
 p - a potion of resistance
 A - a potion of brilliance {unknown}
 F - 2 potions of invisibility
 G - a potion of magic
 H - a potion of might
Comestibles
 e - 19 rations {!d}


   Skills:
 - Level 10.2 Fighting
 + Level 12.9 Short Blades
 - Level 3.0 Throwing
 + Level 12.0 Dodging
 + Level 13.2 Stealth
 + Level 4.6(8.0) Evocations


You had 11 spell levels left.
You didn't know any spells.
Your spell library was empty.

Dungeon Overview and Level Annotations

Branches:
Dungeon (10/12)            Temple (0/1) D:6            Lair (0/6) D:8
    Orc (0/1) D:8

Altars:
Ashenzari
Gozag
Hepliaklqana
Kikubaaqudgha
Makhleb
Qazlal
Ru
Sif Muna
Uskayaw
Xom
Zin
The Shining One

Shops:
D:4 *[}[   D:5 ?   D:8 ?

Annotations:
D:10 2 runed translucent doors


Innate Abilities, Weirdness & Mutations

You are small and have problems with some larger weapons.
You have sharp toenails.
You are carnivorous and can eat meat at any time.
You are somewhat resistant to further mutation.
You passively map the area around you.


Message History

The phantasmal warrior blinks!
A freezing wraith comes into view.
A death knight comes into view. It is wielding a +0 great mace.
The freezing wraith hits you. The freezing wraith freezes you!
* * * LOW HITPOINT WARNING * * *
The freezing wraith misses you.
The phantasmal warrior blinks!
You feel better.
The phantasmal warrior closely misses you.
The freezing wraith hits you!
* * * LOW HITPOINT WARNING * * *
The freezing wraith freezes you!
* * * LOW HITPOINT WARNING * * *
The freezing wraith closely misses you.
Okay, then.
You feel better. The freezing wraith barely misses you.
The freezing wraith completely misses you.
The phantasmal warrior misses you.
You feel better. The phantasmal warrior hits you!!
You die...

.[............####... **
* *
######.....####..#.., ,
, , # ,, #.....#....†#.W
,, , #,
,,#.....#.....#.p ,, ,
,,, #, ,#.....#.....#.#*
* # #.....#.....#.# ,, ,
, #,,,,#.....#.....#.#
,,, , * #,
#.....##'####p# * ,, #
+.........W@W.# + * , ,
#
,,#....########........,
, ######....# #........
* .)........# #........
)...).....# #........
))........# #...#####
..........# #####
.########## ##


You could see a death knight, a phantasmal warrior and a freezing wraith.

Vanquished Creatures
  Psyche (D:9)
  4 two-headed ogres
  Sonja (D:10)
  A cyclops (D:8)
  A komodo dragon (D:10)
  A freezing wraith (D:9)
  2 trolls
  2 polar bears (D:9)
  Grinder (D:6)
  A hornet (D:8)
  Prince Ribbit (D:7)
  Sigmund (D:3)
  A wraith (D:10)
  10 yaks
  Menkaure (D:6)
  A water moccasin (D:8)
  4 crocodiles (D:8)
  3 porcupines (D:8)
  Duvessa (D:5)
  2 orc warriors
  3 ice beasts
  2 phantoms
  2 black bears
  4 sky beasts
  8 ogres
  A necrophage (D:6)
  A centaur (D:6)
  A wolf (D:9)
  4 bullfrogs
  An elf zombie (Ossuary)
  2 big kobolds (D:7)
  Dowan (D:5)
  5 scorpions
  12 killer bees
  The ghost of KristoblXynda the Chucker, a weakling DrHu (D:3)
  3 electric eels (D:9)
  6 wights
  3 crimson imps
  3 quasits
  2 bullfrog skeletons
  6 hounds
  A gnoll shaman (D:10)
  3 jellies
  2 centaur skeletons
  10 orc wizards
  Terence (D:3)
  Jessica (D:3)
  An iguana (D:7)
  Natasha (thrice) (D:3)
  13 worker ants
  A big kobold zombie (Ossuary)
  A centaur simulacrum (D:9)
  A hound zombie (D:6)
  2 mummies (Ossuary)
  5 gnolls (D:10)
  9 adders
  4 river rats (D:7)
  2 shadow imps
  A howler monkey simulacrum (D:9)
  A worker ant simulacrum (D:9)
  An ooze (D:2)
  2 adder zombies
  2 worms
  2 dart slugs (D:3)
  6 leopard geckos
  41 orcs
  8 giant cockroaches
  5 gnoll zombies (Ossuary)
  2 goblins
  9 hobgoblins
  2 jackals
  3 quokkas
  A ball python (D:2)
  6 bats
  3 frilled lizards
  A goblin zombie (Ossuary)
  4 hobgoblin zombies (Ossuary)
  21 kobolds
  2 orc zombies (Ossuary)
  A quokka skeleton (D:5)
  7 rats
302 creatures vanquished.

Vanquished Creatures (others)
  A giant cockroach (D:3)
  A fungus (D:8)
  11 plants
13 creatures vanquished.

Grand Total: 315 creatures vanquished

Notes
Turn   | Place    | Note
-------+----------+-------------------------------------------
     0 | D:1      | KristoblXynda the Kobold Gladiator began the quest for the
                  | Orb.
     0 | D:1      | Reached XP level 1. HP: 16/16 MP: 1/1
   178 | D:1      | Reached XP level 2. HP: 21/21 MP: 2/2
   421 | D:1      | Reached XP level 3. HP: 26/26 MP: 3/3
   541 | D:1      | Reached skill level 1 in Stealth
  1231 | D:2      | Reached XP level 4. HP: 22/33 MP: 4/4
  1602 | D:3      | Noticed Sigmund
  1688 | D:3      | Reached skill level 2 in Stealth
  1702 | D:3      | Killed Sigmund
  1703 | D:3      | Reached skill level 5 in Short Blades
  1703 | D:3      | Reached skill level 5 in Dodging
  1703 | D:3      | Reached skill level 3 in Stealth
  1703 | D:3      | Reached XP level 5. HP: 20/38 MP: 5/5
  1703 | D:3      | Reached XP level 6. HP: 23/44 MP: 6/6
  1870 | D:3      | Found a transporter.
  1874 | D:3      | Noticed KristoblXynda's ghost (weakling DrHu)
  1892 | D:3      | Found a transporter.
  2073 | D:3      | Noticed Natasha
  2086 | D:3      | Killed Natasha
  2090 | D:3      | Reached skill level 4 in Stealth
  2277 | D:3      | Found a glowing silver altar of Zin.
  2278 | D:3      | Found an opulent altar of Gozag.
  2353 | D:3      | Noticed Terence
  2364 | D:3      | Killed Terence
  2406 | D:3      | Noticed Jessica
  2409 | D:3      | Killed Jessica
  2410 | D:3      | Reached XP level 7. HP: 49/49 MP: 7/7
  2552 | D:3      | Noticed Natasha
  2559 | D:3      | Killed Natasha
  2821 | D:4      | Reached skill level 5 in Fighting
  2993 | D:4      | Found Sacemitz's Armour Shoppe.
  3028 | D:4      | Found Uninnoaps's Gadget Shop.
  3094 | D:4      | Reached skill level 5 in Stealth
  3213 | D:4      | Reached XP level 8. HP: 9/56 MP: 8/8
  3489 | D:4      | Found Huhourgh's Armour Shoppe.
  3524 | D:4      | Reached skill level 6 in Stealth
  3652 | D:4      | Found Daxtuty's Assorted Antiques.
  3716 | D:5      | Entered Level 5 of the Dungeon
  3721 | D:5      | Got a wavering bone ring
  3722 | D:5      | Identified the ring of Zuett {+Fly Int+4} (You found it on
                  | level 5 of the Dungeon)
  3779 | D:5      | Noticed Dowan
  3823 | D:5      | Found a shattered altar of Ashenzari.
  3830 | D:5      | Killed Dowan
  3972 | D:5      | Noticed Duvessa
  4007 | D:5      | Killed Duvessa
  4062 | D:5      | Found Biem Zeu's Magic Scroll Boutique.
  4074 | D:5      | Bought a scroll of enchant weapon for 112 gold pieces
  4074 | D:5      | Bought a scroll of magic mapping for 52 gold pieces
  4502 | D:5      | Reached skill level 7 in Stealth
  4788 | D:3      | Reached XP level 9. HP: 59/63 MP: 9/9
  4810 | D:3      | Killed KristoblXynda's ghost
  4824 | D:3      | Noticed Natasha
  4845 | D:3      | Killed Natasha
  5114 | D:6      | Noticed Menkaure
  5120 | D:6      | Killed Menkaure
  5173 | D:6      | Found a staircase to the Ecumenical Temple.
  5192 | D:6      | Identified the cursed ring "Ysudie" {MP-9 Slay+5 Stlth--}
  5450 | D:6      | Reached skill level 8 in Stealth
  5498 | D:5      | Became a worshipper of Ashenzari the Shackled
  5499 | D:5      | Found the cursed amulet of Vision {SInv *Curse}
  5628 | D:6      | Noticed Grinder
  5638 | D:6      | Paralysed by Grinder for 3 turns
  5646 | D:6      | Killed Grinder
  5876 | D:6      | Found a glowing golden altar of the Shining One.
  5876 | D:6      | Found a sacrificial altar of Ru.
  6100 | D:7      | Found a burning altar of Makhleb.
  6171 | D:7      | Found a sand-covered staircase.
  6216 | Ossuary  | Entered an ossuary
  6335 | Ossuary  | Reached skill level 9 in Stealth
  6364 | Ossuary  | Reached XP level 10. HP: 64/72 MP: 10/10
  6742 | D:7      | Noticed Prince Ribbit
  6763 | D:7      | Killed Prince Ribbit
  6880 | D:7      | Reached skill level 10 in Short Blades
  7319 | D:7      | Reached * piety under Ashenzari
  7372 | D:7      | Reached skill level 10 in Stealth
  7631 | D:8      | Found Seemnoc's Magic Scroll Shop.
  7635 | D:8      | Bought a scroll of identify for 28 gold pieces
  7635 | D:8      | Bought a scroll of identify for 28 gold pieces
  7635 | D:8      | Bought 2 scrolls of identify for 56 gold pieces
  7651 | D:8      | Found a staircase to the Lair.
  7704 | D:8      | Reached skill level 10 in Dodging
  7707 | D:8      | Reached XP level 11. HP: 29/80 MP: 11/11
  7893 | D:8      | Found a shimmering altar of Xom.
  7893 | D:8      | Found a hide-covered altar of Uskayaw.
  7901 | D:8      | Found a shimmering blue altar of Sif Muna.
  7907 | D:8      | Found a faded altar of an unknown god.
  7909 | D:8      | Found a faded altar of an unknown god.
  8119 | D:8      | Found a stormy altar of Qazlal.
  8228 | D:8      | Noticed a two-headed ogre
  8235 | D:8      | Killed a two-headed ogre
  8236 | D:8      | Reached skill level 11 in Stealth
  8387 | D:8      | Found a staircase to the Orcish Mines.
  8569 | D:8      | Noticed a cyclops
  8571 | D:8      | Killed a cyclops
  9248 | D:9      | Reached skill level 10 in Fighting
  9600 | D:9      | Reached skill level 12 in Stealth
  9983 | D:9      | Reached ** piety under Ashenzari
  9984 | D:9      | Found an ancient bone altar of Kikubaaqudgha.
 10024 | D:9      | Noticed Psyche
 10027 | D:9      | Killed Psyche
 10479 | D:10     | Entered Level 10 of the Dungeon
 10573 | D:10     | Found a hazy altar of Hepliaklqana.
 10579 | D:10     | Noticed Sonja
 10589 | D:10     | Killed Sonja
 10590 | D:10     | Reached skill level 1 in Evocations
 10638 | D:10     | Noticed a two-headed ogre
 10640 | D:10     | Noticed a two-headed ogre
 10649 | D:10     | Noticed an ogre mage
 10655 | D:10     | Killed a two-headed ogre
 10656 | D:10     | Reached XP level 12. HP: 65/87 MP: 13/13
 10710 | D:10     | Paralysed by an ogre mage for 3 turns
 10848 | D:10     | Found a runed translucent gate.
 10848 | D:10     | Found a runed translucent gate.
 11021 | D:10     | Noticed a two-headed ogre
 11026 | D:10     | Killed a two-headed ogre
 11058 | D:10     | Noticed a seven-headed hydra
 11098 | D:10     | Reached skill level 13 in Stealth
 11189 | D:10     | Killed a two-headed ogre
 11329 | D:10     | Found a runed door.
 11346 | D:10     | Found a runed door.
 11490 | D:10     | Noticed a death knight
 11492 | D:10     | HP: 1/87 [freezing wraith[a death knight] (17)]
 11494 | D:10     | Demolished by a phantasmal warrior

Skill      XL: |  1  2  3  4  5  6  7  8  9 10 11 12 |
---------------+-------------------------------------+-----
Throwing       | 3 |  3.0
Dodging        | 4 5 6 7 8 10 11 12 | 12.0
Stealth        | 1 3 4 5 7 9 10 12 13 | 13.2
Fighting       | 4 5 6 7 9 10 | 10.2
Short Blades   | 5 6 7 9 10 12 | 12.9
Evocations     | 2 4 |  4.6

Action                   |  1- 3 |  4- 6 |  7- 9 | 10-12 || total
-------------------------+-------+-------+-------+-------++-------
Melee: Rapier            |    88 |    95 |   414 |   475 ||  1072
       Kick              |    21 |    24 |   160 |   109 ||   314
       Short sword       |       |       |       |   186 ||   186
Throw: Throwing net      |       |       |     3 |       ||     3
Invok: Curse Item        |       |       |     1 |       ||     1
Evoke: Wand              |       |       |       |     6 ||     6
  Use: Scroll            |       |     8 |     4 |     6 ||    18
       Potion            |       |     4 |     2 |     7 ||    13
 Stab: Sleeping          |     3 |     1 |    11 |    16 ||    31
       Invisible         |       |     4 |       |       ||     4
       Held in net/web   |       |       |     2 |       ||     2
       Distracted        |       |       |       |     3 ||     3
       Paralysed         |       |       |       |     2 ||     2
  Eat: Chunk             |    11 |     4 |    12 |    34 ||    61
       Ration            |       |       |     1 |       ||     1
Armor: Leather armour    |    14 |     1 |       |       ||    15
       Robe              |       |    12 |    52 |    43 ||   107
Dodge: Dodged            |    56 |   119 |   363 |   583 ||  1121
